 Dungeon Crawl Stone Soup version 0.30-a0-330-g8f2769a82d (webtiles) character file.

Game seed: 8526005717763963587

67 MrRokkomies the Sneak (level 3, 32/32 HPs)
             Began as an Armataur Brigand on Oct 29, 2022.
             Was a Follower of the Shining One.
             Quit the game on level 3 of the Dungeon.
             The game lasted 00:03:34 (1690 turns).

MrRokkomies the Sneak (Armataur Brigand)            Turns: 1690, Time: 00:03:35

Health: 32/32      AC:  7    Str: 16    XL:     3   Next: 98%
Magic:  3/3        EV:  9    Int: 11    God:    the Shining One [*.....]
Gold:   174        SH:  0    Dex: 13    Spells: 2/2 levels left

rFire   . . .      SeeInvis .    a - +0 short sword (venom)
rCold   . . .      Faith    .    (no shield)
rNeg    . . .      Spirit   .    b - +0 robe
rPois   .          Reflect  .    o - +0 helmet
rElec   .          Harm     .    c - +0 cloak
rCorr   .          Roll     +    m - +0 pair of gloves
Will    .....                    (no barding)
Stlth   +.........               j - amulet of the acrobat
HPRegen 0.25/turn                (no ring)
MPRegen 0.08/turn                (no ring)

@: glowing
A: large, rugged brown scales 3, deformed body, armoured tail, roll, long
tongue, awkward tongue
a: Renounce Religion, Divine Shield


You were on level 3 of the Dungeon.
You worshipped the Shining One.
The Shining One was aware of your devotion.
You visited 1 branch of the dungeon, and saw 3 of its levels.

You collected 174 gold pieces.

Inventory:

Hand Weapons
 a - a +0 short sword of venom (weapon)
 f - a +2 dagger
Missiles
 d - 9 poisoned darts (quivered)
 e - 3 curare-tipped darts
Armour
 b - a +0 robe (worn)
 c - a +0 cloak (worn)
 m - a +0 pair of gloves (worn)
 o - a +0 helmet (worn)
Jewellery
 j - an amulet of the acrobat (around neck)
Scrolls
 l - 2 scrolls of teleportation
 p - a scroll of immolation
Potions
 h - a potion of mutation {unknown}
 i - a potion of invisibility {unknown}
 k - 2 potions of heal wounds
 n - a potion of curing {unknown}
 r - a potion of cancellation {unknown}


   Skills:
 * Level 2.6 Fighting
 * Level 2.6 Short Blades
 - Level 1.7 Throwing
 + Level 1.1 Dodging
 + Level 4.8 Stealth


You had 2 spell levels left.
You didn't know any spells.
Your spell library contained the following spells:

 Spells                   Type           Power      Damage    Failure   Level
 Tukima's Dance           Hex            0%         N/A       71%         3
 Passage of Golubria      Tloc           0%         N/A       98%         4
 Yara's Violent Unravell  Hex/Tmut       0%         3d3       100%        5


Dungeon Overview and Level Annotations

Branches:
Dungeon (3/15)

Altars:
The Shining One


Innate Abilities, Weirdness & Mutations

You are completely covered in rugged brown scales. (AC +3, +7% HP)
Armour fits poorly on your strangely shaped body.
You have a long armoured tail.
You roll when moving toward enemies. (Rampage)
Your long tongue fully drains potion bottles. (2x potion effects)
Your tongue gives you trouble enunciating. (1.5x scroll delay)


Message History

You kill the quokka!
No target in view!
No target in view!
Found a dagger.
You see here a +0 dagger.
A goblin comes into view. It is wielding a +0 club.
Found 8 gold pieces.
The goblin hits you but does no damage.
You hit the goblin.
The goblin is moderately wounded.
You hit the goblin.
The goblin is poisoned.
The goblin is heavily wounded.
The goblin closely misses you.
You closely miss the goblin. You tail-slap the goblin.
You kill the goblin!
You now have 174 gold pieces (gained 8).
You enter the shallow water.
Moving in this stuff is going to be slow.
Found a stone staircase leading down.
There is a stone staircase leading down here.
Found an escape hatch in the floor.
Found a stone staircase leading down.
Found a faded altar of an unknown god.
You see here a staff of conjuration.
Found a stone staircase leading up.
A ball python comes into view.
The ball python hisses angrily.
There is a faded altar of an unknown god here.
This altar belongs to (a) Elyvilon, (b) Lugonu or (c) the Shining One, but you can't tell which.
Press the corresponding letter to learn more about a god, or press enter to convert or escape to cancel.
The Shining One accepts your prayer! The Shining One welcomes you!
You and your allies can now gain power from killing the unholy and evil.
You can now call upon the Shining One for a divine shield.
You roll towards the ball python!
You hit the ball python.
You kill the ball python!
No target in view!
No target in view!
No target in view!
Are you sure you want to abandon this character and quit the game? (Confirm with "yes".)

#..#..#..#.##.##.#
#..####..#.......#
#>.......####.##.##
##..|....# #.....#
###.....# ####.##
#.....# #####.##
#_....# #......#
#.....# #.###..#
#@....# #.#....#
#......†#.###
#.#.##.#
#.###.#.#.#
#.#.##.#
#.#.#.#####......#
.
..<......##.######
.. ..#
##..>......... ..
..# ###.##.#####>
..# .#.# # #.#####.
#.##....


There were no monsters in sight!

Vanquished Creatures
  3 adders (D:2)
  A dart slug (D:1)
  An orc (D:3)
  3 ball pythons
  3 endoplasms
  2 giant cockroaches
  4 goblins
  4 hobgoblins
  4 jackals (D:1)
  2 quokkas
  4 bats
  2 rats (D:1)
33 creatures vanquished.

Notes
Turn   | Place    | Note
-------+----------+-------------------------------------------
     0 | D:1      | MrRokkomies the Armataur Brigand began the quest for the
                  | Orb.
     0 | D:1      | Reached XP level 1. HP: 18/18 MP: 1/1
   226 | D:1      | Reached XP level 2. HP: 25/25 MP: 2/2
   847 | D:2      | Reached skill level 1 in Dodging
  1097 | D:2      | Reached XP level 3. HP: 31/32 MP: 3/3
  1679 | D:3      | Found a faded altar of an unknown god.
  1687 | D:3      | Prayed at the altar of an unknown god.
  1687 | D:3      | Became a worshipper of the Shining One
  1687 | D:3      | Reached * piety under the Shining One
  1690 | D:3      | Quit the game

Illustrated notes

Levels and vault maps discovered:
D:1:      scummos_arrival_checkerplants, layout_basic
D:2:      layout_loops_ring, serial_glass, glass_columns_b, glass_columns_a,
          due_unseen_surprise, item_on_display_a, minmay_strange_pillars,
          minmay_strange_pillars
D:3:      layout_loops_cross, serial_rivers, chequers_serial_rivers_micro_d,
          chequers_serial_rivers_micro_e, chequers_serial_rivers_room_b,
          chequers_serial_rivers_micro_d, chequers_serial_rivers_small_3,
          basic_ecumenical_altar

Skill      XL: |  1  2 |
---------------+-------+-----
Fighting       | 2 |  2.6
Short Blades   | 2 |  2.6
Dodging        | 1 |  1.1
Throwing       | |  1.7
Stealth        | |  4.8

Action                   || total
-------------------------++-------
Melee: Short sword       ||    77
       Tailslap          ||     7
  Use: Scroll            ||     4
 Stab: Sleeping          ||    12
Armor: Robe              ||    21
Dodge: Dodged            ||    37

Table legend: (Time is in decaauts)
 A = Elapsed time spent in this place.
 B = Non-inter-level travel time spent in this place.
 C = Inter-level travel time spent in this place.
 D = Time resting spent in this place.
 E = Time spent auto-exploring this place.
 F = Levels seen in this place.
 G = Mean time per level.
                   A        B        C        D        E       F      G
               +--------+--------+--------+--------+--------+-----+--------+
         Total |   1683 |   1645 |     38 |      0 |   1401 |   3 |  561.0 |
       Dungeon |   1683 |   1645 |     38 |      0 |   1401 |   3 |  561.0 |
               +--------+--------+--------+--------+--------+-----+--------+

Top non-repeatable levels by time:
     D:1: 836 daAuts
     D:2: 694 daAuts
     D:3: 151 daAuts
